 Dungeon Crawl Stone Soup version 0.14-a0-1637-gd423c14 (webtiles) character file.

4837831 mathso the Conqueror (level 27, 297/297 (323) HPs)
             Began as a Demonspawn Berserker on Dec 24, 2013.
             Was an Elder of Trog.
             Escaped with the Orb
             ... and 9 runes on Dec 26, 2013!
             The game lasted 09:22:35 (146635 turns).

mathso the Conqueror (Demonspawn Berserker)       Turns: 146635, Time: 09:22:35

HP 297/297 (323) AC 52     Str 25      XL: 27
MP  23/23        EV 29     Int 14      God: Trog [****..]
Gold 11760       SH 57     Dex 28      Spells:  0 memorised, 26 levels left

rFire  + . .     SeeInvis +     a - +9,+8 demon trident (pierce)
rCold  + + .     Clarity  .     h - +11 gold dragon armour (curse)
rNeg   + + .     Conserve +     i - +0 large shield
rPois  +         rCorr    +     q - +3 helmet of Follow the Leader {rC+ Acc+2}
rElec  .         rRot     .     W - +2 cloak {rCorr, Cons}
SustAb . .       Spirit   .     t - +2 pair of fencer's gloves {EV+3 Dex+3 Acc+8}
rMut   +         Warding  .     (boots unavailable)
Saprov . . .     Stasis   .     J - amulet of Amorality {rMut rC- rN+}
                                r - ring of Lies {Contam rPois rN+ Int+5 SInv}
                                l - ring of the Octopus King {rC+ AC+1 EV+1 Str+1 Dex+1 Int+1}

@: quite resistant to hostile enchantments, extremely unstealthy
A: hooves 3, thin skeletal structure 3, nightstalker 3, powered by pain 3,
robust 3
a: Burn Spellbooks, Berserk, Trog's Hand, Brothers in Arms, Renounce Religion
0: Orb of Zot
}: 9/15 runes: decaying, slimy, silver, iron, obsidian, icy, bone, abyssal,
gossamer


You escaped.
You worshipped Trog.
Trog was greatly pleased with you.
You were very full.

You visited 16 branches of the dungeon, and saw 97 of its levels.
You visited the Abyss 1 time.
You visited 1 bazaar.
You also visited: Sewer, Bailey, Ice Cave and Volcano.

You collected 16988 gold pieces.
You spent 5228 gold pieces at shops.

Inventory:

Hand weapons
 a - a +9,+8 demon trident of piercing (weapon)
 T - the +7,+0 trident of Geoxo {elec, +Fly rN+ MR++ Str+3 Stlth++}
   (You found it on level 7 of Tartarus)

   Occasionally, upon striking a foe, it will discharge some electrical energy
   and cause terrible harm.
   It affects your strength (+3).
   It protects you from negative energy.
   It affects your resistance to hostile enchantments.
   It lets you fly.
   It makes you much more stealthy.
Armour
 h - a cursed +11 gold dragon armour (worn)
 i - a +0 large shield (worn)
 q - the +3 helmet of Follow the Leader (worn) {rC+ Acc+2}
   (You found it on level 6 of the Pits of Slime)

   It affects your accuracy (+2).
   It protects you from cold.
 t - the +2 pair of fencer's gloves (worn) {EV+3 Dex+3 Acc+8}
   (You found it on level 4 of the Vaults)

   It affects your evasion (+3).
   It affects your dexterity (+3).
   It affects your accuracy (+8).
 W - a +2 cloak of preservation (worn)
Magical devices
 k - a wand of teleportation (8)
 o - a wand of invisibility (4)
 s - a wand of fire (4)
 y - a wand of digging (13)
 z - a wand of digging (24)
 Z - a wand of digging (18)
Comestibles
 b - 2 pieces of ambrosia
 n - 3 meat rations
 Y - a royal jelly
Scrolls
 c - 2 scrolls of fear
 e - a scroll of magic mapping
 v - 2 scrolls of identify
 x - 2 scrolls of silence
 A - a scroll of remove curse
 C - 3 scrolls of teleportation
 F - 2 scrolls of fog
 H - 2 scrolls of summoning
Jewellery
 g - an uncursed ring of protection from fire
 l - a ring of the Octopus King (left hand) {rC+ AC+1 EV+1 Str+1 Dex+1 Int+1}
   (You bought it in a shop in a bazaar)

   [ring of protection from cold]

   It affects your AC (+1).
   It affects your evasion (+1).
   It affects your strength (+1).
   It affects your intelligence (+1).
   It affects your dexterity (+1).
 r - the ring of Lies (right hand) {Contam rPois rN+ Int+5 SInv}
   (You found it on level 5 of the Vaults)

   [ring of intelligence]

   It affects your intelligence (+5).
   It protects you from poison.
   It protects you from negative energy.
   It enhances your eyesight.
   It causes magical contamination when unequipped.
 J - the amulet of Amorality (around neck) {rMut rC- rN+}
   (You found it on level 4 of the Depths)

   [amulet of resist mutation]

   It makes you vulnerable to cold.
   It protects you from negative energy.
Potions
 f - a potion of porridge
 j - a potion of heal wounds
 p - 5 potions of restore abilities
 u - a potion of invisibility
 w - 3 potions of might
 B - 3 potions of flight
 I - 7 potions of curing
 S - 4 potions of agility
Rods
 G - a +8 rod of warding (13/13)
   (You took it off a deep elf demonologist on level 3 of the Elven Halls)


   Skills:
 O Level 27 Fighting
 O Level 27 Polearms
 O Level 27 Armour
 * Level 21.8 Dodging
 O Level 27 Shields


You had 26 spell levels left.
You didn't know any spells.

Dungeon Overview and Level Annotations

Branches:
Dungeon (16/16)            Temple (0/1) D:4             Orc (4/4) D:11
    Elf (3/3) Orc:3          Lair (8/8) D:8           Swamp (5/5) Lair:4
 Spider (5/5) Lair:3        Slime (6/6) Lair:7       Vaults (5/5) D:14
  Blade (0/1) Vaults:3      Crypt (5/5) Vaults:3       Tomb (0/3) Crypt:3
   Hell (1/1)                 Dis (7/7) Hell            Geh (7/7) Hell
    Coc (7/7) Hell            Tar (7/7) Hell            Zot (5/5) Depths:6
 Depths (6/6) D:16

Altars:
Cheibriados
Kikubaaqudgha
Makhleb
Vehumet
Zin
Jiyva

Shops:
D:12 !?=(   Orc:4 /([*:   Elf:2 =   Vaults:2 }   Vaults:3 [   Vaults:4 [:?
Vaults:5 =%!%   Depths:4 /   Depths:6 *}

Portals:
Hell: Depths:1 Depths:2 Depths:3 Depths:4 Depths:5 Depths:6
Abyss: Depths:3 Depths:4 Depths:6
Ziggurat: Depths:6


Innate Abilities, Weirdness & Mutations

You have hooves in place of feet.
You have an unnaturally thin skeletal structure (Dex +6, Str -2, Stlth).
You are completely attuned to the shadows.
You are powered by pain.
You are extremely robust (+30% HP).


Message History

There is a stone staircase leading up here.
You block the orange demon's attack.
You climb upwards.
You sense a powerful magical force warping space.
There is a stone staircase leading down here.
There is an escape hatch in the ceiling here.
A mysterious force pulls you upwards. The hatch slams shut behind you.
You sense a powerful magical force warping space.
There is an open door here.
There is a stone staircase leading up here.
You see here an orcish club.
You climb upwards.
You sense a powerful magical force warping space.
There is a stone staircase leading down here.
A toenail golem comes into view.
The toenail golem hits you but does no damage.
You block the toenail golem's attack.
There is an open door here.
There is a staircase leading out of the dungeon here.
You have escaped!

###.###.#############.##.#
#.###.######## #.##.#
#.#..........# #.##.#
###.#..........######.##.#
....>.........8.......##.#
###)###.###.######..####.#
#.# #.# #.# ♣♣###.# #.#
#.###.###.##♣♣♣8#.# #.#
#.#........#♣♣@.'.# #.#
#.#.........♣♣♣8### #.#
###.#.........♣♣### #.#
................########.#
#####....................#
#...........##########
###.........# ###########


There were no monsters in sight!

Vanquished Creatures
  Antaeus (Coc:7)
  Asmodeus (Geh:7)
  the royal jelly (Slime:6)
  Ereshkigal (Tar:7)
  Dispater (Dis:7)
  5 orbs of fire (Zot:5)
  The ghost of KINGBONG the Conqueror, a legendary HOBe of the Shining One (Coc:7)
  8 ancient liches
  Saint Roka (Vaults:3)
  Boris (twice) (Depths:5 Crypt:1)
  the Serpent of Hell (Dis:7)
  Sojobo (Crypt:1)
  Margery (Vaults:4)
  Norris (Vaults:2)
  2 Killer Klowns (Zot:5)
  Mara (Vaults:4)
  Mennas (Crypt:1)
  Geryon (Hell)
  2 curse toes (Zot:5)
  9 golden dragons
  Jory (Depths:3)
  17 Brimstone Fiends
  Xtahua (Depths:4)
  4 electric golems
  Nikola (Depths:2)
  20 bone dragons
  11 liches
  10 Hell Sentinels
  22 tentacled monstrosities
  A hellephant (Abyss:3)
  27 Orb Guardians
  2 deep elf blademasters (Elf:3)
  26 Ice Fiends
  A titan (Depths:6)
  2 quicksilver dragons
  20 acid blobs
  12 Executioners
  A deep elf master archer (Elf:3)
  5 sphinxes
  3 daevas (Depths:5)
  16 storm dragons
  32 Shadow Fiends
  2 krakens
  6 eldritch tentacles
  The ghost of Bastard the Ninja, a mighty SpBe of Trog (Slime:6)
  9 tengu reavers
  Frances (Vaults:1)
  Kirke (Spider:1)
  11 shadow dragons
  13 ancient champions
  5 draconian monks
  5 revenants
  6 draconian knights
  14 vault wardens
  11 deep elf sorcerers
  14 frost giants
  7 fire giants
  15 tentacled starspawn
  Maud (Lair:4)
  18 azure jellies
  7 iron dragons
  3 draconian scorchers
  Aizul (Swamp:1)
  Louise (Swamp:1)
  6 ghost moths
  7 draconian zealots
  3 curse skulls
  5 cacodemons
  2 orc warlords (Orc:4)
  3 emperor scorpions (Spider:5)
  An emperor scorpion (shapeshifter) (Vaults:3)
  32 stone giants
  Jorgrun (Depths:1)
  21 balrugs
  5 draconian annihilators
  4 angels
  102 reapers
  4 draconian shifters
  An ancient bear (Abyss:2)
  6 draconian callers
  6 eidola
  14 grey draconians
  15 green draconians
  4 deep elf demonologists
  12 pale draconians
  13 deep elf annihilators
  4 lorocyprocas
  5 green deaths
  8 blizzard demons
  9 vampire knights
  37 large abominations
  9 yellow draconians
  8 purple draconians
  6 red draconians
  8 mottled draconians
  6 merfolk javelineers (Depths:2)
  An unborn (Crypt:3)
  9 white draconians
  8 black draconians
  The ghost of Piginabag the Martial Artist, a powerful DsMo of Okawaru (IceCv)
  Snorg (D:15)
  5 jiangshi
  A merfolk impaler (Depths:2)
  36 ettins
  6 deep elf death magi
  A minotaur (Depths:5)
  A fire dragon (shapeshifter) (Vaults:5)
  5 death oozes
  31 starcursed masses
  A quicksilver dragon zombie (Geh:1)
  42 yaktaur captains
  15 ironheart preservers
  13 death cobs
  34 hydras
  A kraken zombie (Coc:2)
  5 deep elf high priests (Elf:3)
  29 vault guards
  8 great orbs of eyes
  19 fire dragons
  34 ice dragons
  Fannar (D:10)
  Harold (Orc:3)
  Josephine (D:11)
  2 anacondas
  15 human zombies
  7 dancing weapons
  Erica (Spider:1)
  20 deep troll earth magi
  A ravenous item mimic (Crypt:4)
  3 spriggan berserkers (Abyss:2)
  7 alligators
  An anaconda (shapeshifter) (Depths:2)
  The ghost of Yermak the Summoner, a powerful FeCK of Xom (Volcano)
  17 ogre magi
  The ghost of M4edhros the Unseen, a powerful OpWn of Fedhas (D:10)
  A deep dwarf death knight (Crypt:2)
  11 deep troll shamans
  7 rakshasas
  9 vampire magi
  15 sun demons
  2 wolf zombies (Abyss:2)
  A plague shambler (Crypt:2)
  4 tengu warriors
  11 wretched stars
  A spectral elf (Crypt:3)
  A dryad (Abyss:3)
  Urug (D:15)
  2 naga warriors (Depths:2)
  A titan zombie (Geh:7)
  22 thrashing horrors
  11 hell hogs
  2 fire crabs (Vaults:1)
  4 orc high priests (Orc:4)
  32 centaur warriors
  19 very ugly things
  57 soul eaters
  12 iron golems
  32 hell knights
  21 iron trolls
  12 shadow demons
  A storm dragon zombie (Geh:7)
  3 titan skeletons (Geh:7)
  8 giant orange brains
  177 skeletal warriors
  3 unseen horrors (shapeshifter)
  41 ice devils
  A storm dragon skeleton (Crypt:1)
  6 cherubim (Depths:5)
  A sea snake (Abyss:2)
  15 deep elf knights
  3 spatial maelstroms (Abyss:3)
  15 flayed ghosts
  40 deep trolls
  26 shadow wraiths
  2 golden dragon zombies
  9 unseen horrors
  A hill giant (shapeshifter) (Depths:3)
  11 swamp dragons
  20 giant amoebae
  4 ice statues
  11 shadow dragon zombies
  2 fauns (shapeshifter)
  A giant orange brain (shapeshifter) (Vaults:5)
  4 wizards
  12 necromancers
  10 harpies
  20 hill giants
  2 death drakes
  A very ugly thing zombie (Crypt:2)
  3 golden dragon skeletons (Geh:7)
  23 orc knights
  14 deep elf conjurers
  A lindwurm (Lair:8)
  2 fauns (Abyss:3)
  90 iron dragon zombies
  The ghost of wojtek the Basher, an experienced TeGl of Makhleb (D:6)
  Joseph (D:7)
  A sphinx zombie (Crypt:1)
  A giant amoeba (shapeshifter) (Vaults:5)
  17 ironbrand convokers
  A wolf spider zombie (D:16)
  26 hellions
  21 flaming corpses
  A harpy (shapeshifter) (Vaults:3)
  14 shadow dragon skeletons
  4 griffons
  3 stone giant zombies (Crypt:5)
  2 fire giant zombies
  5 oklob plants
  47 small abominations
  A cyclops (shapeshifter) (Depths:2)
  A moth of wrath (shapeshifter) (Vaults:1)
  4 guardian serpents
  A stone golem (Vaults:1)
  8 elephants
  A draconian (shapeshifter) (Elf:3)
  23 phantasmal warriors
  21 moths of wrath
  28 wolf spiders
  8 shining eyes
  A red wasp (shapeshifter) (Depths:5)
  An eye of devastation (Slime:6)
  3 octopodes
  15 vault sentinels
  9 black mambas
  55 tormentors
  10 stone giant skeletons
  6 orc sorcerers
  8 cyclopes
  8 red wasps
  Maurice (D:11)
  A black mamba (shapeshifter) (Vaults:3)
  2 orange demons
  2 frost giant skeletons
  5 fire giant skeletons
  8 sixfirhies
  14 iron dragon skeletons
  3 item mimics
  9 spiny worms
  2 apocalypse crabs
  6 deep elf summoners
  2 satyr zombies
  24 spirit wolves (Abyss:2)
  124 yaktaurs
  14 spiny frogs
  A grey draconian zombie (Zot:3)
  A yellow draconian zombie (Crypt:2)
  A green draconian zombie (Zot:3)
  12 demonic crawlers
  A ghost moth simulacrum (Abyss:3)
  2 ancient bear zombies
  14 smoke demons
  A sea snake zombie (Crypt:1)
  4 efreet
  7 komodo dragons
  3 fire drakes
  7 spriggans
  4 trolls (shapeshifter)
  7 hellwings
  10 silent spectres
  An elf (shapeshifter) (Depths:2)
  23 red devils
  A yaktaur (shapeshifter) (Vaults:2)
  A redback zombie (Crypt:3)
  2 iron troll skeletons (Vaults:3)
  An ancient bear skeleton (Crypt:5)
  15 ancient zymes
  A black draconian skeleton (Abyss:2)
  A shadow dragon simulacrum (Tar:7)
  17 raiju
  3 tengu conjurers
  4 giant fireflies (Lair:8)
  4 naga magi (Depths:2)
  16 orb spiders
  A polar bear (shapeshifter) (Depths:2)
  16 death drake zombies
  26 polar bears
  7 trolls
  29 jumping spiders
  6 deep elf priests
  2 hydra zombies
  10 blink frogs
  7 giant leeches
  2 spriggans (shapeshifter)
  27 blue devils
  3 fire vortices (Depths:2)
  A queen bee (Abyss:3)
  A baby alligator (shapeshifter) (Depths:6)
  52 iron devils
  2 hydra skeletons
  14 baby alligators (Swamp:3)
  A guardian serpent zombie (Abyss:2)
  The ghost of ilii the Covered, an average FoFi (Sewer)
  A wind drake (shapeshifter) (D:16)
  8 bog bodies
  An ettin zombie (Depths:3)
  A fire dragon zombie (Depths:6)
  103 slime creatures
  28 ice dragon zombies
  A raven (Swamp:3)
  36 two-headed ogres
  A trapdoor spider zombie (Crypt:1)
  13 boulder beetles
  2 tarantella zombies
  17 brown oozes
  31 death drake skeletons
  A stone giant simulacrum (Crypt:1)
  A formicid (Spider:3)
  A griffon zombie (D:10)
  A brown ooze (shapeshifter) (D:16)
  5 fire dragon skeletons
  9 grizzly bears (Lair:8)
  A trapdoor spider (shapeshifter) (Depths:2)
  7 basilisks
  35 trapdoor spiders
  6 hogs (Spider:1)
  2 ettin skeletons
  111 flying skulls
  A grizzly bear (shapeshifter) (Depths:4)
  2 guardian serpent skeletons (Abyss:3)
  62 reindeers
  101 ugly things
  2 fire bats (Volcano)
  46 wraiths
  43 redbacks
  11 humans
  29 tarantellas
  16 vampires
  31 ice dragon skeletons
  27 deep elf fighters
  4 merfolk
  8 sharks
  6 chaos spawn
  35 water elementals
  42 shadows
  A spriggan zombie (Crypt:4)
  A spectral yaktaur (Crypt:4)
  Eustachio (D:4)
  2 wyverns
  3 elephant slugs (Lair:8)
  13 ynoxinuls
  A black mamba skeleton (Crypt:1)
  7 golden eyes
  2 purple draconian simulacra (Abyss:3)
  2 hill giant zombies (Crypt:5)
  4 hell beasts
  2 soldier ants
  44 vampire mosquitoes
  A hippogriff (shapeshifter) (Abyss:3)
  10 metal gargoyles (Dis:7)
  30 wolves
  21 deep elf magi
  2 clay golems (Volcano)
  4 manticores
  11 neqoxecs
  51 swamp worms
  10 hippogriffs
  2 deep troll zombies
  20 necrophages
  2 hill giant skeletons
  15 hungry ghosts
  2 manticores (shapeshifter)
  4 mottled dragons
  8 porcupines
  6 molten gargoyles (Geh:7)
  A swamp drake (shapeshifter) (Vaults:5)
  4 spatial vortices
  A deep troll skeleton (Vaults:3)
  15 swamp drakes
  A hydra simulacrum (Crypt:2)
  A faun skeleton (Crypt:1)
  A guardian serpent simulacrum (Abyss:2)
  95 hell hounds
  2 death drake simulacra
  45 freezing wraiths
  14 giant goldfish
  7 sky beasts
  A black bear (shapeshifter) (D:16)
  An ettin simulacrum (Crypt:1)
  88 orc warriors
  8 black bears
  2 blink frog zombies
  12 phantoms
  2 boring beetles
  16 ice beasts
  43 centaurs
  A kobold demonologist (Vaults:3)
  57 ogres
  6 tengu
  14 crocodiles
  9 nagas
  13 rotting devils
  A centaur (shapeshifter) (Vaults:5)
  4 lava worms
  A crocodile (shapeshifter) (Depths:2)
  12 wargs
  7 brain worms
  9 giant slugs
  24 water moccasins
  4 big kobolds
  A chimera skeleton (Crypt:2)
  20 giant frogs
  A lost soul (Crypt:1)
  A manticore zombie (D:15)
  13 insubstantial wisps
  A fire drake skeleton (Crypt:3)
  3 yaktaur skeletons
  An agate snail simulacrum (D:16)
  16 agate snails
  3 wyvern skeletons
  2 cyclops zombies
  A boulder beetle zombie (Vaults:4)
  A cyclops skeleton (Crypt:3)
  An eye of draining (shapeshifter) (D:14)
  8 eyes of draining
  6 shark zombies
  A grizzly bear zombie (Crypt:3)
  48 killer bees
  3 reindeer zombies
  5 giant goldfish zombies
  A reindeer skeleton (D:10)
  11 jellyfish
  10 lava fish
  93 wights
  22 jellies
  A troll skeleton (D:10)
  13 electric eels
  A giant goldfish skeleton (Coc:7)
  9 goliath beetles
  15 lava snakes
  2 pulsating lumps
  2 centaur zombies
  20 crimson imps
  A giant slug simulacrum (D:16)
  55 iron imps
  23 hounds
  11 big fish
  2 centaur skeletons (D:9)
  5 orange rats
  2 giant frog skeletons
  13 iguanas
  13 scorpions
  33 orc priests
  A basilisk skeleton (D:11)
  40 spiders
  41 orc wizards
  10 worker ants
  A porcupine skeleton (Crypt:2)
  19 sheep
  A shapeshifter simulacrum (Crypt:1)
  A felid zombie (Crypt:3)
  A mottled dragon zombie (D:14)
  Ijyb (D:3)
  Jessica (D:3)
  A big kobold zombie (Crypt:2)
  2 ogre skeletons
  2 ogre zombies
  A big kobold skeleton (D:10)
  A dwarf skeleton (Crypt:2)
  22 boggarts
  3 hound zombies
  2 hound skeletons
  22 mummies
  21 green rats
  5 big fish zombies (Coc:7)
  5 gnolls
  A worker ant zombie (Crypt:2)
  19 adders
  6 lemures
  A hound simulacrum (D:11)
  3 giant mites
  15 shadow imps
  6 giant centipedes
  46 white imps
  21 worms
  A goliath beetle zombie (D:7)
  16 ufetubi
  A big fish simulacrum (Coc:6)
  2 scorpion zombies
  A sheep zombie (Crypt:1)
  A halfling skeleton (Crypt:3)
  An iguana skeleton (D:6)
  An iguana zombie (Crypt:4)
  12 giant eyeballs
  6 giant geckos
  7 oozes
  181 orcs
  38 bats
  A bat skeleton (D:7)
  9 giant cockroaches
  27 goblins
  16 hobgoblins
  25 jackals
  18 kobolds
  10 quokkas
  2 ball pythons (D:4)
  A giant cockroach zombie (Crypt:4)
  A giant gecko skeleton (D:4)
  8 giant newts
  2 giant spores
  A gnoll skeleton (Crypt:1)
  A goblin skeleton (D:4)
  A hobgoblin skeleton (Crypt:4)
  3 illusory rakshasas (Abyss:3)
  A jackal skeleton (Crypt:2)
  3 lurking horrors
  An orc skeleton (D:4)
  5 orc zombies
  25 rats
  A rat skeleton (Crypt:3)
  5 ballistomycetes
  A bush (Lair:2)
  3 crawling corpses (Elf:3)
  23 fungi
  12 plants
  5 starspawn tentacles (Abyss:3)
  4 tentacles
  A tentacle segment (Hell)
5996 creatures vanquished.

Vanquished Creatures (collateral kills)
  A silver star (Depths:5)
  A golden dragon (Depths:2)
  A Shadow Fiend (Tar:7)
  Donald (D:13)
  A reaper (Tar:7)
  2 stone giants
  An eidolon (Tar:7)
  2 vault guards (Vaults:5)
  A hydra (Lair:7)
  Nessos (D:16)
  A centaur warrior (D:16)
  An iron troll (Vaults:5)
  2 flayed ghosts (Crypt:5)
  A hill giant (Volcano)
  A phantasmal warrior (Crypt:5)
  3 human zombies (Vaults:5)
  5 guardian mummies (Crypt:3)
  2 blink frogs (Lair:7)
  A raven (shapeshifter) (Depths:2)
  2 shadows (Crypt:3)
  A human (shapeshifter) (Depths:2)
  5 humans
  A water elemental (Depths:2)
  A freezing wraith (Crypt:5)
  An orc warrior (Orc:4)
  2 centaurs (D:16)
  A water moccasin (Lair:2)
  2 orc priests (Orc:4)
  7 mummies (Crypt:3)
  An orc zombie (Orc:4)
  An orc (Orc:4)
54 creatures vanquished.

Vanquished Creatures (others)
  6 eldritch tentacles
  A draconian scorcher (Zot:3)
  A balrug (Abyss:3)
  A reaper (Tar:7)
  A stone giant (Vaults:5)
  A grey draconian (Zot:1)
  An elemental wellspring (Depths:2)
  A yaktaur captain (Vaults:5)
  A deep elf high priest (Elf:3)
  A large abomination (Abyss:3)
  A deep troll (Dis:7)
  2 hill giants (Vaults:5)
  An unseen horror (Vaults:1)
  A harpy (Vaults:3)
  An iron dragon zombie (Dis:1)
  A necromancer (Depths:6)
  A wolf spider (Spider:3)
  A red wasp (Vaults:5)
  An orc knight (Vaults:5)
  A tormentor (Dis:1)
  A yaktaur (Vaults:5)
  A troll (Vaults:5)
  2 orb spiders
  A trapdoor spider (Spider:5)
  A water elemental (Coc:5)
  A wraith (Coc:7)
  A death drake simulacrum (Abyss:3)
  A hell hound (Dis:3)
  A phantom (Dis:5)
  2 ogres
  12 lost souls
  A killer bee (Abyss:3)
  A spider (Spider:4)
  A boggart (Vaults:3)
  A shadow imp (Tar:7)
  3 white imps (Coc:7)
  An orc (Vaults:5)
  A giant spore (D:13)
  3 lurking horrors (Abyss:3)
  644 eldritch tentacle segments
  3 fungi
  12 plants
  24 starspawn tentacles
  31 starspawn tentacle segments (Abyss:3)
  12 tentacles
  99 tentacle segments
887 creatures vanquished.

Grand Total: 6937 creatures vanquished

Notes
Turn   | Place    | Note
--------------------------------------------------------------
     0 | D:1      | mathso, the Demonspawn Berserker, began the quest for the Orb.
     0 | D:1      | Reached XP level 1. HP: 18/18 MP: 1/1
   212 | D:1      | Gained mutation: You are slightly more attuned to the shadows. [demonic ancestry]
   212 | D:1      | Reached XP level 2. HP: 13/24 MP: 2/2
   686 | D:1      | Acquired Trog's second power
  1055 | D:2      | Reached XP level 3. HP: 13/29 MP: 3/3
  2293 | D:3      | Found a snail-covered altar of Cheibriados.
  2293 | D:3      | Noticed Ijyb
  2307 | D:3      | Killed Ijyb
  2307 | D:3      | Reached skill level 4 in Polearms
  2307 | D:3      | Reached XP level 4. HP: 37/37 MP: 4/4
  2411 | D:3      | Found a glowing drain.
  2473 | Sewer    | Entered a sewer
  2595 | Sewer    | Noticed ilii's ghost (average FoFi)
  2608 | Sewer    | Killed ilii's ghost
  2608 | Sewer    | Reached skill level 5 in Polearms
  2608 | Sewer    | Gained mutation: You have large cloven feet. [demonic ancestry]
  2608 | Sewer    | Reached XP level 5. HP: 43/43 MP: 5/5
  2608 | Sewer    | Reached XP level 6. HP: 49/49 MP: 6/6
  2655 | Sewer    | Noticed a crocodile
  2668 | Sewer    | Killed a crocodile
  3085 | D:3      | Reached skill level 5 in Fighting
  3285 | D:3      | Reached skill level 6 in Polearms
  3311 | D:3      | Noticed Jessica
  3319 | D:3      | Gained mutation: You have hoof-like feet. [demonic ancestry]
  3319 | D:3      | Reached XP level 7. HP: 56/56 MP: 7/7
  3326 | D:3      | Killed Jessica
  3584 | D:4      | Acquired Trog's third power
  3887 | D:4      | Noticed Eustachio
  3896 | D:4      | Killed Eustachio
  3896 | D:4      | Reached skill level 7 in Polearms
  4162 | D:4      | Found a staircase to the Ecumenical Temple.
  4341 | D:4      | Gained mutation: You have a somewhat thin skeletal structure (Dex +2, Stlth). [demonic ancestry]
  4341 | D:4      | Reached XP level 8. HP: 58/64 MP: 8/8
  4760 | D:5      | Entered Level 5 of the Dungeon
  4814 | D:5      | Reached skill level 8 in Polearms
  5651 | D:6      | Reached skill level 9 in Polearms
  5751 | D:6      | Reached XP level 9. HP: 72/72 MP: 9/9
  5837 | D:6      | Received a gift from Trog
  6092 | D:6      | Noticed wojtek's ghost (experienced TeGl)
  6095 | D:6      | Killed wojtek's ghost
  6095 | D:6      | Reached skill level 10 in Polearms
  6168 | D:6      | Found Bidimaf's Food Shop.
  6548 | D:7      | Noticed Joseph
  6558 | D:7      | Killed Joseph
  6678 | D:7      | Reached skill level 11 in Polearms
  6678 | D:7      | Reached XP level 10. HP: 82/82 MP: 10/10
  7675 | D:8      | Found a staircase to the Lair.
  7782 | D:8      | Paralysed by a giant eyeball for 4 turns
  7789 | D:8      | Paralysed by a giant eyeball for 3 turns
  8290 | D:9      | Reached skill level 12 in Polearms
  8864 | D:9      | Reached skill level 10 in Fighting
  9367 | Lair:1   | Entered Level 1 of the Lair of Beasts
  9512 | Lair:1   | Gained mutation: You sometimes gain a little power by taking damage. [demonic ancestry]
  9512 | Lair:1   | Reached XP level 11. HP: 91/91 MP: 11/11
  9829 | Lair:1   | Reached skill level 13 in Polearms
  9900 | Lair:1   | Paralysed by a potion of paralysis for 6 turns
 10431 | Lair:2   | Received a gift from Trog
 10678 | Lair:2   | Noticed a seven-headed hydra
 10689 | Lair:2   | Killed a seven-headed hydra
 10937 | Lair:2   | Found a frozen archway.
 10968 | IceCv    | Entered an ice cave
 11160 | IceCv    | Reached skill level 14 in Polearms
 11355 | IceCv    | Gained mutation: You sometimes gain power by taking damage. [demonic ancestry]
 11355 | IceCv    | Reached XP level 12. HP: 89/100 MP: 12/12
 11886 | IceCv    | Noticed Piginabag's ghost (powerful DsMo)
 11896 | IceCv    | Killed Piginabag's ghost
 11954 | IceCv    | Noticed an ice statue
 11971 | IceCv    | Killed an ice statue
 12083 | IceCv    | Received a gift from Trog
 12268 | IceCv    | Noticed a frost giant
 12303 | IceCv    | Killed a frost giant
 13859 | Lair:3   | Found a hole to the Spider Nest.
 14443 | Lair:4   | Reached skill level 5 in Dodging
 14443 | Lair:4   | Reached XP level 13. HP: 109/109 MP: 13/13
 14448 | Lair:4   | Reached skill level 5 in Armour
 14546 | Lair:4   | Noticed a four-headed hydra
 14559 | Lair:4   | Killed a four-headed hydra
 15066 | Lair:4   | Received a gift from Trog
 15069 | Lair:4   | Got a transparent glaive {god gift}
 15070 | Lair:4   | Identified the +2,+2 glaive of Kari {chop, Contam rElec rPois} (Trog gifted it to you on level 4 of the Lair of Beasts)
 15181 | Lair:4   | Gained mutation: Your body is slowly deteriorating. [mutagenic glow]
 15203 | Lair:4   | Found a staircase to the Swamp.
 15372 | Lair:2   | Lost mutation: Your body is slowly deteriorating. [potion of cure mutation]
 15503 | Lair:4   | Noticed Maud
 15520 | Lair:4   | Killed Maud
 18178 | Lair:7   | Received a gift from Trog
 18693 | Lair:7   | Found a staircase to the Slime Pits.
 19290 | Lair:7   | Found a dark tunnel.
 19305 | Lair:7   | Got a transparent ring mail
 19323 | Lair:7   | Identified the +2 ring mail of Yredelemnul's Esteem {Str+3 Int+2} (You found it on level 7 of the Lair of Beasts)
 19345 | Volcano  | Entered a volcano
 19394 | Volcano  | Noticed Yermak's ghost (powerful FeCK)
 19406 | Volcano  | Killed Yermak's ghost
 19752 | Volcano  | Found a burning altar of Makhleb.
 19871 | Volcano  | Gained mutation: You are powered by pain. [demonic ancestry]
 19871 | Volcano  | Reached XP level 14. HP: 73/120 MP: 14/14
 20322 | Lair:8   | Entered Level 8 of the Lair of Beasts
 20568 | Lair:8   | Received a gift from Trog
 21102 | Lair:8   | Got a sparkling lapis lazuli ring
 22639 | Lair:2   | Identified the ring of Dotutar {Str+5 Int+2} (You found it on level 8 of the Lair of Beasts)
 22977 | D:10     | Entered Level 10 of the Dungeon
 23088 | D:10     | Received a gift from Trog
 23124 | D:10     | Found Chaskof's Food Shoppe.
 23253 | D:10     | Found a radiant altar of Vehumet.
 23420 | D:10     | Noticed M4edhros' ghost (powerful OpWn)
 23426 | D:10     | Killed M4edhros' ghost
 23638 | D:10     | Noticed Fannar
 23647 | D:10     | Killed Fannar
 24058 | D:11     | Noticed Maurice
 24066 | D:11     | Killed Maurice
 24199 | D:11     | Noticed Josephine
 24207 | D:11     | Killed Josephine
 24562 | D:11     | Found a staircase to the Orcish Mines.
 24679 | D:12     | Found Awaelea's Jewellery Shoppe.
 24768 | D:12     | Found a glowing silver altar of Zin.
 24808 | D:12     | Found Onuij's Magic Scroll Shoppe.
 24816 | D:12     | Bought a scroll of enchant weapon I for 71 gold pieces
 24816 | D:12     | Bought 3 scrolls of enchant weapon I for 214 gold pieces
 24816 | D:12     | Bought a scroll of identify for 26 gold pieces
 24816 | D:12     | Bought a scroll of teleportation for 39 gold pieces
 24816 | D:12     | Bought a scroll of teleportation for 39 gold pieces
 24816 | D:12     | Bought a scroll of remove curse for 39 gold pieces
 24917 | D:12     | Found Praaghae's Distillery.
 24925 | D:12     | Bought 2 potions of curing for 60 gold pieces
 25060 | D:12     | Found a flagged portal.
 25080 | Bailey   | Entered a bailey
 25258 | Bailey   | Reached skill level 15 in Fighting
 25890 | Bailey   | Got an iridescent executioner's axe {holy}
 25905 | Bailey   | Identified a scroll of acquirement
 26372 | D:12     | Reached skill level 1 in Shields
 26632 | D:12     | Found Rapoyto's Antique Weapon Emporium.
 26882 | D:13     | Received a gift from Trog
 26886 | D:13     | Got an iridescent short sword {god gift}
 26887 | D:13     | Identified the +8,+2 short sword "Vot Ivagg" {slice, MR++ Dex+1 SInv} (Trog gifted it to you on level 13 of the Dungeon)
 26998 | D:13     | Gained mutation: You are robust (+10% HP). [demonic ancestry]
 26998 | D:13     | Reached XP level 15. HP: 122/141 MP: 15/15
 27453 | D:14     | Found a gate to the Vaults.
 27453 | D:14     | Noticed Donald
 27555 | D:13     | Killed Donald
 27958 | D:14     | Reached skill level 10 in Dodging
 28277 | D:14     | Reached skill level 10 in Armour
 28491 | D:14     | Received a gift from Trog
 29133 | D:14     | Upgraded the game from 0.14-a0-1613-gd720e3e to 0.14-a0-1626-g054e7ae
 29193 | D:15     | Entered Level 15 of the Dungeon
 29245 | D:15     | Noticed Urug
 29261 | D:15     | Killed Urug
 29261 | D:15     | Reached skill level 5 in Shields
 29410 | D:15     | Reached skill level 16 in Fighting
 29476 | D:15     | Noticed Snorg
 29493 | D:15     | Killed Snorg
 29827 | D:15     | Received a gift from Trog
 31110 | Orc:1    | Entered Level 1 of the Orcish Mines
 32021 | Orc:1    | Received a gift from Trog
 32077 | Orc:1    | Found a burning altar of Makhleb.
 32244 | Orc:1    | Found Casa's Food Emporium.
 32418 | Orc:2    | You fall through a shaft!
 32418 | Orc:4    | Entered Level 4 of the Orcish Mines
 32940 | Orc:4    | Received a gift from Trog
 33303 | Orc:4    | Paralysed by an orc sorcerer for 6 turns
 33388 | Orc:4    | Found Kehacho's Antique Armour Shoppe.
 33389 | Orc:4    | Found Psoch's General Store.
 33389 | Orc:4    | Found Kliuta's Book Shoppe.
 33389 | Orc:4    | Found Tipicev's Antique Weapon Emporium.
 33403 | Orc:4    | Bought a pair of runed orcish boots for 25 gold pieces
 33508 | Orc:4    | Received a gift from Trog
 33685 | Orc:4    | Found Fypy's Magical Wand Shop.
 34031 | Orc:3    | Found a staircase to the Elven Halls.
 34042 | Orc:3    | Noticed Harold
 34048 | Orc:3    | Killed Harold
 34127 | Elf:1    | Entered Level 1 of the Elven Halls
 34149 | Elf:1    | Gained mutation: You are very robust (+20% HP). [demonic ancestry]
 34149 | Elf:1    | Reached XP level 16. HP: 77/166 MP: 16/16
 35116 | D:16     | Entered Level 16 of the Dungeon
 35452 | D:16     | Received a gift from Trog
 35632 | D:16     | Found a staircase to the Depths.
 35747 | D:16     | Reached skill level 17 in Fighting
 35896 | D:16     | Noticed Nessos
 35907 | D:16     | Killed Nessos
 36971 | Depths:1 | Entered Level 1 of the Depths
 36971 | Depths:1 | Found a gateway to Hell.
 37529 | Depths:1 | Noticed Jorgrun
 37536 | Depths:1 | Killed Jorgrun
 37610 | Depths:1 | Received a gift from Trog
 38425 | Depths:2 | Reached skill level 10 in Shields
 38781 | Depths:2 | Reached skill level 18 in Fighting
 39400 | Depths:2 | Gained mutation: You are extremely robust (+30% HP). [demonic ancestry]
 39400 | Depths:2 | Reached XP level 17. HP: 62/193 MP: 17/17
 40096 | Depths:2 | Noticed a golden dragon
 40114 | Depths:2 | Killed a golden dragon
 40177 | Depths:2 | Received a gift from Trog
 41213 | Swamp:1  | Entered Level 1 of the Swamp
 41307 | Swamp:1  | Noticed Aizul
 41318 | Swamp:1  | Killed Aizul
 41749 | Swamp:1  | Noticed Louise
 41761 | Swamp:1  | Killed Louise
 42702 | Swamp:3  | Noticed a tentacled monstrosity
 42709 | Swamp:3  | Killed a tentacled monstrosity
 42842 | Swamp:3  | Reached skill level 19 in Fighting
 43068 | Swamp:3  | Received a gift from Trog
 43951 | Swamp:5  | Entered Level 5 of the Swamp
 44049 | Swamp:5  | Received a gift from Trog
 44324 | Swamp:5  | Gained mutation: You have hooves in place of feet. [demonic ancestry]
 44324 | Swamp:5  | Reached XP level 18. HP: 156/208 MP: 18/18
 44669 | Swamp:5  | Got a decaying rune of Zot
 45041 | Spider:1 | Entered Level 1 of the Spider Nest
 45280 | Spider:1 | Noticed Kirke
 45286 | Spider:1 | Killed Kirke
 45308 | Spider:1 | Noticed Erica
 45312 | Spider:1 | Killed Erica
 45312 | Spider:1 | Received a gift from Trog
 45315 | Spider:1 | Got a brightly glowing trident {god gift}
 45316 | Spider:1 | Identified the +1,+12 trident of Untimely Demise {drain, *Rage +Fly rF+ Str+2} (Trog gifted it to you on level 1 of the Spider Nest)
 46813 | Spider:3 | Received a gift from Trog
 47259 | Spider:4 | Received a gift from Trog
 48083 | Spider:5 | Entered Level 5 of the Spider Nest
 48193 | Spider:5 | Received a gift from Trog
 49397 | Spider:5 | Got a gossamer rune of Zot
 49745 | Spider:5 | Received a gift from Trog
 50001 | Spider:5 | Gained mutation: You have a moderately thin skeletal structure (Dex +4, Str -1, Stlth). [demonic ancestry]
 50001 | Spider:5 | Reached XP level 19. HP: 218/218 MP: 18/18
 50652 | Vaults:1 | Entered Level 1 of the Vaults
 51122 | Vaults:1 | Reached skill level 15 in Armour
 51360 | Vaults:1 | Received a gift from Trog
 51658 | Vaults:1 | Noticed Frances
 51679 | Vaults:1 | Killed Frances
 51679 | Vaults:1 | Reached skill level 20 in Fighting
 51795 | Vaults:1 | Received a gift from Trog
 53023 | Vaults:2 | Found Ruqips' Gadget Boutique.
 53091 | Vaults:2 | Received a gift from Trog
 53160 | Vaults:2 | Noticed Norris
 53181 | Vaults:2 | Killed Norris
 53181 | Vaults:2 | Reached skill level 15 in Shields
 54083 | Vaults:3 | Found Samoull's Armour Shoppe.
 54153 | Vaults:3 | Received a gift from Trog
 54559 | Vaults:3 | Gained mutation: You are significantly more attuned to the shadows. [demonic ancestry]
 54559 | Vaults:3 | Reached XP level 20. HP: 215/231 MP: 19/19
 54992 | Vaults:3 | Received a gift from Trog
 55575 | Vaults:3 | Noticed Saint Roka
 55585 | Vaults:3 | Killed Saint Roka
 55589 | Vaults:3 | Found a staircase to the Hall of Blades.
 55949 | Vaults:3 | Found a staircase to the Crypt.
 56034 | Vaults:3 | Received a gift from Trog
 56424 | Vaults:4 | Reached skill level 15 in Polearms
 56482 | Vaults:4 | Found a flickering gateway to a bazaar.
 56483 | Vaults:4 | Found Zyjekha's Magic Scroll Shop.
 56492 | Bazaar   | Entered a bazaar
 56568 | Bazaar   | Found Froileph's Jewellery Emporium.
 56580 | Bazaar   | Found Femneas' Weapon Emporium.
 56605 | Bazaar   | Found Kuptenk's General Store.
 56611 | Bazaar   | Bought a potion of speed for 71 gold pieces
 56618 | Bazaar   | Found Mewiel's Magic Scroll Shoppe.
 56624 | Bazaar   | Bought a scroll of magic mapping for 38 gold pieces
 56624 | Bazaar   | Bought a scroll of identify for 22 gold pieces
 56624 | Bazaar   | Bought a scroll of magic mapping for 38 gold pieces
 56624 | Bazaar   | Bought a scroll of magic mapping for 38 gold pieces
 56648 | Bazaar   | Bought a ring of the Octopus King {rC+ AC+1 EV+1 Str+1 Dex+1 Int+1} for 732 gold pieces
 56648 | Bazaar   | Bought the ring "Prec" {MR Str+1 Dex+2} for 669 gold pieces
 56671 | Vaults:4 | Bought a scroll of enchant weapon II for 99 gold pieces
 56671 | Vaults:4 | Bought a scroll of identify for 36 gold pieces
 56671 | Vaults:4 | Bought a scroll of identify for 36 gold pieces
 56715 | Vaults:4 | Noticed Mara
 56723 | Vaults:4 | Killed Mara
 56813 | Vaults:4 | Found Varchante's Book Shoppe.
 56872 | Vaults:4 | Paralysed by a great orb of eyes for 5 turns
 56984 | Vaults:4 | Reached skill level 21 in Fighting
 57224 | Vaults:4 | Received a gift from Trog
 57544 | Vaults:4 | Noticed Margery
 57550 | Vaults:4 | Killed Margery
 57624 | Vaults:4 | Reached XP level 21. HP: 166/241 MP: 20/20
 57759 | Vaults:4 | Found Threinli's Armour Boutique.
 59024 | Depths:2 | Received a gift from Trog
 59761 | Depths:2 | Received a gift from Trog
 59887 | Depths:2 | Noticed a lich
 59896 | Depths:2 | Killed a lich
 60078 | Depths:2 | Noticed Nikola
 60085 | Depths:2 | Killed Nikola
 60415 | Depths:2 | Noticed a tentacled monstrosity
 60422 | Depths:2 | Killed a tentacled monstrosity
 61758 | Depths:2 | Received a gift from Trog
 61814 | Depths:2 | Got a glittering brass ring
 61820 | Depths:2 | Identified the ring "Keeti Pre" {+Rage Str-3 SInv} (You found it on level 2 of the Depths)
 61888 | Depths:2 | Got a fine platinum ring
 62120 | Depths:3 | Found a one-way gate to the infinite horrors of the Abyss.
 62328 | Depths:3 | Noticed Jory
 62348 | Depths:3 | Killed Jory
 62863 | Depths:3 | Received a gift from Trog
 62863 | Depths:3 | Gained mutation: You are completely attuned to the shadows. [demonic ancestry]
 62863 | Depths:3 | Reached XP level 22. HP: 221/252 MP: 20/20
 63071 | Depths:4 | Noticed Xtahua
 63076 | Depths:4 | Paralysed by a giant eyeball for 2 turns
 63081 | Depths:4 | Killed Xtahua
 63914 | Depths:4 | Paralysed by a sphinx for 3 turns
 64012 | Depths:4 | Got a shimmering crystal amulet
 64022 | Depths:4 | Identified the amulet of Amorality {rMut rC- rN+} (You found it on level 4 of the Depths)
 64159 | Depths:4 | Received a gift from Trog
 64165 | Depths:4 | Got a dazzling trident {god gift}
 64167 | Depths:4 | Identified the +4,+6 trident "Leufoss" {vamp, Hunger Str+2} (Trog gifted it to you on level 4 of the Depths)
 64167 | Depths:4 | Identified the ring of Finality {+Inv rPois rF-} (You took it off a tengu reaver on level 2 of the Depths)
 64312 | Depths:4 | Found Aschafiu's Magical Wand Emporium.
 65120 | Depths:5 | Received a gift from Trog
 65314 | Depths:5 | Reached skill level 22 in Fighting
 65652 | Depths:5 | Found a snail-covered altar of Cheibriados.
 66773 | Depths:5 | Found a glowing silver altar of Zin.
 66773 | Depths:5 | Noticed a silver star
 66779 | Depths:5 | Noticed Boris
 66786 | Depths:5 | Killed a silver star
 66786 | Depths:5 | Reached XP level 23. HP: 229/263 MP: 21/21
 66799 | Depths:5 | Killed Boris
 67346 | Depths:6 | Entered Level 6 of the Depths
 67384 | Depths:6 | Found Kipp's Demolitions Depot.
 67422 | Depths:6 | Received a gift from Trog
 67444 | Depths:6 | Got an encrusted spear
 67455 | Depths:6 | Identified the +7,+6 spear "Beastslayer" {antimagic, rN+ MR+} (You took it off a yaktaur on level 6 of the Depths)
 68438 | Depths:6 | Received a gift from Trog
 68737 | Depths:6 | Identified a +2 cloak of preservation (You took it off a draconian shifter on level 6 of the Depths)
 68740 | Depths:6 | Found a gate to the Realm of Zot.
 69200 | Depths:6 | Paralysed by a giant eyeball for 2 turns
 69336 | Depths:6 | Found Alipsoac's Gadget Boutique.
 69476 | Depths:6 | Received a gift from Trog
 69546 | Depths:6 | Found a gateway to a ziggurat.
 70141 | Depths:1 | Reached skill level 23 in Fighting
 70991 | Vaults:5 | Entered Level 5 of the Vaults
 71232 | Vaults:5 | Gained mutation: You have an unnaturally thin skeletal structure (Dex +6, Str -2, Stlth). [demonic ancestry]
 71232 | Vaults:5 | Reached XP level 24. HP: 278/278 MP: 21/21
 71659 | Vaults:5 | Received a gift from Trog
 71813 | Vaults:5 | Found Gikoast's Jewellery Boutique.
 71817 | Vaults:5 | Got a transparent pewter ring
 71837 | Vaults:5 | Bought an uncursed ring of teleport control for 850 gold pieces
 71840 | Vaults:5 | Identified the ring of Lies {Contam rPois rN+ Int+5 SInv} (You found it on level 5 of the Vaults)
 72527 | Vaults:5 | Paralysed by a vault sentinel for 6 turns
 72810 | Vaults:5 | Received a gift from Trog
 72887 | Vaults:5 | Identified a +2 rod of striking (8/8) (You took it off a yaktaur captain on level 5 of the Vaults)
 73046 | Vaults:5 | Found Skoazokk's Distillery.
 73052 | Vaults:5 | Bought a potion of curing for 42 gold pieces
 73052 | Vaults:5 | Bought a potion of heal wounds for 63 gold pieces
 73052 | Vaults:5 | Bought a potion of heal wounds for 63 gold pieces
 73060 | Vaults:5 | Found Wavev's Food Shop.
 73078 | Vaults:5 | Got a silver rune of Zot
 73093 | Vaults:5 | Found Iveoch's Food Emporium.
 74998 | Elf:2    | Received a gift from Trog
 75402 | Elf:2    | Found Bakebuog's Jewellery Shoppe.
 75408 | Elf:2    | Bought the ring of Benevolence {rN+ Int+2 Acc+4} for 525 gold pieces
 75622 | Elf:3    | Entered Level 3 of the Elven Halls
 76295 | Elf:3    | Received a gift from Trog
 76338 | Elf:3    | Reached XP level 25. HP: 244/289 MP: 22/22
 76355 | Elf:3    | Reached skill level 24 in Fighting
 76715 | Elf:3    | Got a glittering lapis lazuli ring
 76720 | Elf:3    | Got a dazzling glaive {god gift}
 77062 | Elf:3    | Received a gift from Trog
 77066 | Elf:3    | Identified the ring "Babeac" {MP+9 Dex+2 Int-5} (You took it off a deep elf summoner on level 3 of the Elven Halls)
 77067 | Elf:3    | Identified the +3,+6 glaive of Twefoasu {antimagic, -Tele +Rage rElec rF+ rC+} (Trog gifted it to you on level 3 of the Elven Halls)
 77492 | Lair:2   | Identified a rod of warding (You took it off a deep elf demonologist on level 3 of the Elven Halls)
 77515 | Lair:2   | Identified a -2 rod of striking (9/9) (You found it on level 5 of the Dungeon)
 77517 | Lair:2   | Identified a +9 rod of warding (12/12) (You found it on level 3 of the Vaults)
 77998 | Vaults:5 | Identified a cursed +3 rod of warding (11/11) (You took it off an ironheart preserver on level 5 of the Vaults)
 79015 | Zot:1    | Entered Level 1 of the Realm of Zot
 81115 | Zot:3    | Received a gift from Trog
 81691 | Zot:3    | Reached XP level 26. HP: 296/304 MP: 22/22
 82504 | Zot:3    | Reached skill level 25 in Fighting
 82601 | Zot:4    | Received a gift from Trog
 85059 | Zot:5    | Entered Level 5 of the Realm of Zot
 85238 | Zot:5    | Got a crystal spear
 85239 | Zot:5    | Identified the +9,+7 spear of Victory {pierce, Int+4 SInv} (You found it on level 5 of the Realm of Zot)
 85433 | Zot:5    | Noticed an orb of fire
 85436 | Zot:5    | Noticed an orb of fire
 85441 | Zot:5    | Killed an orb of fire
 85450 | Zot:5    | Killed an orb of fire
 85877 | Zot:5    | Noticed an orb of fire
 85886 | Zot:5    | Killed an orb of fire
 85886 | Zot:5    | Reached XP level 27. HP: 277/317 MP: 23/23
 86001 | Zot:5    | Noticed an orb of fire
 86004 | Zot:5    | Noticed an ancient lich
 86005 | Zot:5    | Noticed an orb of fire
 86007 | Zot:5    | Gained mutation: Your mind is acute. (Int +2) [an orb of fire]
 86008 | Zot:5    | Gained mutation: Your magical capacity is low (-10% MP). [an orb of fire]
 86009 | Zot:5    | Noticed an ancient lich
 86010 | Zot:5    | Killed an orb of fire
 86021 | Zot:5    | Killed an ancient lich
 86023 | Zot:5    | Gained mutation: You occasionally shout uncontrollably. [an orb of fire]
 86027 | Zot:5    | Killed an orb of fire
 86032 | Zot:5    | Killed an ancient lich
 86286 | Zot:5    | Noticed an ancient lich
 86286 | Zot:5    | Paralysed by an ancient lich for 4 turns
 86295 | Zot:5    | Killed an ancient lich
 86295 | Zot:5    | Reached skill level 26 in Fighting
 86590 | Zot:5    | Received a gift from Trog
 86736 | Zot:5    | Noticed an ancient lich
 86743 | Zot:5    | Killed an ancient lich
 86939 | Zot:5    | Noticed an ancient lich
 86962 | Zot:5    | Killed an ancient lich
 87938 | Slime:1  | Entered Level 1 of the Pits of Slime
 89395 | Slime:3  | Paralysed by a giant eyeball for 3 turns
 90013 | Slime:2  | Paralysed by a giant eyeball for 2 turns
 90648 | Slime:5  | Paralysed by a giant eyeball for 3 turns
 90754 | Slime:5  | Received a gift from Trog
 90758 | Slime:5  | Got a smoking trident {god gift}
 90760 | Slime:5  | Identified the -2,+8 trident of a Hundred Hells {vamp, rElec rC+ Dex+3 SInv} (Trog gifted it to you on level 5 of the Pits of Slime)
 90984 | Slime:6  | Entered Level 6 of the Pits of Slime
 91321 | Slime:6  | Noticed Bastard's ghost (mighty SpBe)
 91328 | Slime:6  | Killed Bastard's ghost
 91350 | Slime:6  | Found a viscous altar of Jiyva.
 91352 | Slime:6  | Noticed the royal jelly
 91398 | Slime:6  | Killed the royal jelly
 92245 | Slime:6  | Got a smoking helmet
 92249 | Slime:6  | Identified the +3 helmet of Follow the Leader {rC+ Acc+2} (You found it on level 6 of the Pits of Slime)
 92439 | Slime:6  | Got a slimy rune of Zot
 93062 | Slime:6  | Got a blackened leather armour
 93082 | Slime:6  | Got a smoking robe
 93908 | Depths:3 | Voluntarily entered the Abyss.
 94001 | Abyss:1  | Received a gift from Trog
 94911 | Abyss:2  | Reached skill level 27 in Fighting
 95040 | Abyss:2  | Received a gift from Trog
 95977 | Abyss:2  | Received a gift from Trog
 96138 | Abyss:3  | Found a radiant altar of Vehumet.
 96138 | Abyss:3  | Found a burning altar of Makhleb.
 96138 | Abyss:3  | Found an ancient bone altar of Kikubaaqudgha.
 96138 | Abyss:3  | Found a snail-covered altar of Cheibriados.
 96139 | Abyss:3  | Found a shattered altar of Ashenzari.
 96139 | Abyss:3  | Found a glowing silver altar of Zin.
 96140 | Abyss:3  | Found a blossoming altar of Fedhas.
 96141 | Abyss:3  | Found a deep blue altar of Sif Muna.
 96141 | Abyss:3  | Found a sparkling altar of Nemelex Xobeh.
 96150 | Abyss:3  | Found a deep blue altar of Sif Muna.
 96151 | Abyss:3  | Found a basalt altar of Yredelemnul.
 96151 | Abyss:3  | Found a bloodstained altar of Trog.
 96152 | Abyss:3  | Found a shimmering altar of Xom.
 96153 | Abyss:3  | Found a white marble altar of Elyvilon.
 96153 | Abyss:3  | Found an iron altar of Okawaru.
 96154 | Abyss:3  | Found a glowing golden altar of the Shining One.
 96639 | Abyss:3  | Found a corrupted altar of Lugonu.
 97212 | Abyss:3  | Received a gift from Trog
 98659 | Abyss:3  | Received a gift from Trog
 99910 | Abyss:3  | Found a shimmering altar of Xom.
100128 | Abyss:3  | Received a gift from Trog
100706 | Abyss:3  | Got an abyssal rune of Zot
100895 | Abyss:3  | Paralysed by a giant eyeball for 3 turns
100950 | Depths:3 | Escaped the Abyss
101977 | Crypt:1  | Entered Level 1 of the Crypt
101994 | Crypt:1  | Noticed Mennas
102016 | Crypt:1  | Killed Mennas
102152 | Crypt:1  | Noticed Boris
102166 | Crypt:1  | Killed Boris
102738 | Crypt:1  | Noticed Sojobo
102755 | Crypt:1  | Killed Sojobo
103238 | Crypt:2  | Got a transparent trident
103239 | Crypt:2  | Identified the cursed -2,+2 trident "Ocwez" {freeze, +Inv} (You found it on level 2 of the Crypt)
104069 | Crypt:3  | Received a gift from Trog
104406 | Crypt:3  | Found a staircase to the Tomb.
105325 | Crypt:5  | Entered Level 5 of the Crypt
106369 | Crypt:5  | Found an ancient bone altar of Kikubaaqudgha.
106389 | Crypt:5  | Noticed an ancient lich
106402 | Crypt:5  | Killed an ancient lich
106438 | Crypt:5  | Noticed an ancient lich
106455 | Crypt:5  | Killed an ancient lich
106793 | Crypt:5  | Got a brightly glowing plate armour
106821 | Crypt:5  | Identified the +5 plate armour of Liberty {rC+} (You found it on level 5 of the Crypt)
108195 | Hell     | Entered the Vestibule of Hell
108245 | Hell     | Noticed Geryon
108261 | Hell     | Killed Geryon
108622 | Hell     | Reached skill level 27 in Armour
108655 | Hell     | Received a gift from Trog
113790 | Dis:1    | Entered Level 1 of the Iron City of Dis
115472 | Dis:2    | Received a gift from Trog
116834 | Dis:2    | Upgraded the game from 0.14-a0-1626-g054e7ae to 0.14-a0-1637-gd423c14
117538 | Dis:3    | Reached skill level 27 in Shields
118685 | Dis:3    | Received a gift from Trog
122009 | Dis:5    | Received a gift from Trog
124462 | Dis:7    | Entered Level 7 of the Iron City of Dis
124514 | Dis:7    | Lost mutation: Your mind is acute. (Int +2) [mutagenic glow]
124676 | Dis:7    | Received a gift from Trog
126054 | Dis:7    | Noticed the Serpent of Hell
126062 | Dis:7    | Killed the Serpent of Hell
126525 | Dis:7    | Received a gift from Trog
128248 | Dis:7    | Got a smoking platinum ring
128528 | Dis:7    | Noticed Dispater
128556 | Dis:7    | Killed Dispater
128608 | Dis:7    | Got an iron rune of Zot
129145 | Hell     | Identified the ring of Ponnoolo {Hunger +Inv rElec} (You found it on level 7 of the Iron City of Dis)
129356 | Coc:1    | Entered Level 1 of Cocytus
129738 | Coc:4    | Received a gift from Trog
130294 | Coc:7    | Entered Level 7 of Cocytus
130740 | Coc:7    | Gained mutation: You are dopey. (Int -2) [mutagenic glow]
131288 | Coc:7    | Noticed KINGBONG's ghost (legendary HOBe)
131316 | Coc:7    | Killed KINGBONG's ghost
131987 | Coc:7    | Received a gift from Trog
132753 | Coc:7    | Noticed Antaeus
132783 | Coc:7    | Killed Antaeus
132820 | Coc:7    | Got an icy rune of Zot
132826 | Coc:7    | Got a twitching tin ring
133480 | Hell     | Identified the ring of Ephemeral Luck {rN+ Str+5} (You found it on level 7 of Cocytus)
133514 | Tar:1    | Entered Level 1 of Tartarus
134535 | Tar:5    | Received a gift from Trog
134535 | Tar:5    | Reached skill level 27 in Polearms
135278 | Tar:7    | Entered Level 7 of Tartarus
136169 | Tar:2    | Reached skill level 15 in Dodging
136991 | Tar:7    | Noticed Ereshkigal
137027 | Tar:7    | Killed Ereshkigal
137093 | Tar:7    | Got a bone rune of Zot
138641 | Tar:7    | Paralysed by the effects of Hell for 6 turns
138824 | Tar:7    | Received a gift from Trog
140282 | Tar:7    | Got a pitted dagger
140468 | Tar:7    | Got an ancient trident
140620 | Hell     | Identified the +7,+0 trident of Geoxo {elec, +Fly rN+ MR++ Str+3 Stlth++} (You found it on level 7 of Tartarus)
140622 | Hell     | Identified a +7 rod of striking (7/7) (You found it on level 7 of Tartarus)
140668 | Hell     | Identified a +1 cloak of preservation (You found it on level 7 of Tartarus)
140905 | Geh:1    | Entered Level 1 of Gehenna
141352 | Geh:7    | Entered Level 7 of Gehenna
141486 | Geh:7    | Noticed an ancient lich
141500 | Geh:7    | Killed an ancient lich
141577 | Geh:7    | Got a brightly glowing granite ring
141587 | Geh:7    | Identified the ring "Pasheadd" {Ice Str+4 Int+3} (You found it on level 7 of Gehenna)
142078 | Geh:7    | Noticed Asmodeus
142104 | Geh:7    | HP: 16/444 [Brimstone Fiend/blast of hellfire (46)]
142112 | Geh:7    | Killed Asmodeus
142140 | Geh:7    | Got an obsidian rune of Zot
142549 | Geh:7    | Identified Vyveq's Introduction to Sorcery (You found it on level 7 of Gehenna)
142551 | Geh:7    | Identified Kaedurch's Incunabulum of Stolen Souls (You found it on level 7 of Gehenna)
143085 | Orc:1    | Bought a bread ration for 52 gold pieces
143085 | Orc:1    | Bought a meat ration for 52 gold pieces
143085 | Orc:1    | Bought a bread ration for 52 gold pieces
143085 | Orc:1    | Bought an apple for 10 gold pieces
143085 | Orc:1    | Bought a bread ration for 52 gold pieces
143085 | Orc:1    | Bought a pear for 10 gold pieces
143085 | Orc:1    | Bought a choko for 5 gold pieces
143085 | Orc:1    | Bought a meat ration for 52 gold pieces
143085 | Orc:1    | Bought a meat ration for 52 gold pieces
143213 | D:10     | Bought a pear for 10 gold pieces
143213 | D:10     | Bought a meat ration for 52 gold pieces
143213 | D:10     | Bought a bread ration for 52 gold pieces
143213 | D:10     | Bought a bread ration for 52 gold pieces
143213 | D:10     | Bought an apple for 10 gold pieces
143213 | D:10     | Bought an apple for 10 gold pieces
143213 | D:10     | Bought an apple for 10 gold pieces
143213 | D:10     | Bought a rambutan for 5 gold pieces
143393 | D:6      | Bought a pear for 8 gold pieces
143393 | D:6      | Bought a choko for 4 gold pieces
143393 | D:6      | Bought a bread ration for 44 gold pieces
143393 | D:6      | Bought a bread ration for 44 gold pieces
143393 | D:6      | Bought a bread ration for 44 gold pieces
143393 | D:6      | Bought an apple for 8 gold pieces
143393 | D:6      | Bought a bread ration for 44 gold pieces
143393 | D:6      | Bought a meat ration for 44 gold pieces
143393 | D:6      | Bought a bread ration for 44 gold pieces
143393 | D:6      | Bought an apple for 8 gold pieces
143393 | D:6      | Bought a pear for 8 gold pieces
144131 | Vaults:5 | Bought a potion of restore abilities for 63 gold pieces
144131 | Vaults:5 | Bought a potion of restore abilities for 63 gold pieces
144131 | Vaults:5 | Bought a potion of restore abilities for 63 gold pieces
144131 | Vaults:5 | Bought a potion of curing for 42 gold pieces
144131 | Vaults:5 | Bought a potion of might for 52 gold pieces
144131 | Vaults:5 | Bought a potion of restore abilities for 63 gold pieces
144377 | D:12     | Bought a potion of restore abilities for 45 gold pieces
144377 | D:12     | Bought a potion of invisibility for 82 gold pieces
144377 | D:12     | Bought a potion of might for 37 gold pieces
144377 | D:12     | Bought a potion of flight for 45 gold pieces
144580 | Hell     | Lost mutation: Your magical capacity is low (-10% MP). [potion of cure mutation]
144580 | Hell     | Lost mutation: You occasionally shout uncontrollably. [potion of cure mutation]
144580 | Hell     | Lost mutation: You are dopey. (Int -2) [potion of cure mutation]
145823 | Zot:5    | Got the Orb of Zot
146635 | D:$      | Escaped with the Orb!

Action                   |  1- 3 |  4- 6 |  7- 9 | 10-12 | 13-15 | 16-18 | 19-21 | 22-24 | 25-27 || total
-------------------------+-------+-------+-------+-------+-------+-------+-------+-------+-------++-------
Melee: Spear             |   186 |   148 |    38 |       |       |       |       |       |       ||   372
       Halberd           |       |       |   174 |       |       |       |       |       |       ||   174
       Trident           |       |       |   100 |   894 |   172 |       |       |       |    16 ||  1182
       Demon trident     |       |       |       |       |  1956 |  2064 |  2162 |  1834 | 11005 || 19021
       Glaive            |       |       |       |       |    16 |       |       |       |       ||    16
       Unarmed           |       |       |       |       |       |       |       |       |    13 ||    13
Invok: Berserk           |     1 |     5 |     6 |    12 |    30 |    11 |     8 |    18 |    27 ||   118
       Brothers in Arms  |       |       |       |       |     5 |     2 |       |     7 |    16 ||    30
       Trog's Hand       |       |       |       |       |     5 |     2 |       |     2 |    19 ||    28
 Abil: Evoke Flight      |       |       |       |       |       |       |       |       |    21 ||    21
Evoke: Wand              |       |       |     3 |     5 |     7 |       |     3 |       |    20 ||    38
       Rod               |       |       |       |       |       |       |       |       |     1 ||     1
       horn of Geryon    |       |       |       |       |       |       |       |       |     1 ||     1
  Use: Scroll            |       |     2 |     1 |     4 |    43 |    12 |    13 |    19 |    48 ||   142
       Potion            |       |       |       |    13 |    10 |    11 |     3 |     4 |    52 ||    93
 Stab: Sleeping          |     5 |       |       |       |     1 |       |       |       |       ||     6
       Fleeing           |       |       |       |     1 |     1 |       |       |       |       ||     2
       Distracted        |       |       |       |       |       |       |     1 |       |     9 ||    10
       Invisible         |       |       |       |       |       |       |     8 |       |       ||     8
       Confused          |       |       |       |       |       |       |       |     2 |       ||     2
       Held in net/web   |       |       |       |       |       |       |       |       |     1 ||     1
       Paralysed         |       |       |       |       |       |       |       |       |     1 ||     1
